Map: Cyber Forest LE

Players

Kas

  • Race: Terran Terran
  • League: Platinum
  • Spawn Location: 5:00

Sakura - Winner!

  • Race: Protoss Protoss
  • Spawn Location: 11:00

Event: 2019 WCS Summer

VOD

Have the link to the VOD?

Description

Time

  • Played on: July 12, 2019, 7:23 a.m.
  • Length: 13:07

All games in this series

Show
View Real Time Build Order
Export as new Build Order

Kas Terran 

Build Orders:  

Get SALT Encoding   

  12  0:00  SCV  
  13  0:13  SCV  
  14  0:16  Supply Depot  
  14  0:25  SCV  
  15  0:38  SCV  
  15  0:40  Barracks  
  16  0:43  Refinery  
  16  0:50  SCV  
  17  1:02  SCV  
  18  1:14  SCV  
  19  1:27  Barracks Reactor  
  19  1:29  Orbital Command  
  19  1:43  Command Center  
  19  1:51  Supply Depot  
  19  1:56  SCV  
  20  2:04  Marine x2  
  22  2:09  SCV  
  23  2:15  Factory  
  23  2:21  Marine  
  23  2:22  Marine  
  25  2:23  SCV  
  26  2:30  Refinery  
  26  2:35  SCV  
  27  2:39  Marine x2  
  29  2:48  SCV  
  30  3:00  SCV  
  30  3:02  Starport  
  31  3:06  Orbital Command  
  31  3:08  Hellion  
  31  3:09  Hellion  
  35  3:15  SCV  
  35  3:16  Barracks Tech Lab  
  36  3:27  SCV  
  36  3:29  Supply Depot  
  38  3:34  SCV  
  38  3:38  Factory Tech Lab  
  38  3:42  Marine x2  
  38  3:46  SCV  
  37  3:59  Marine  
  37  4:00  Marine  
  37  4:02  SCV  
  37  4:04  Siege Tank  
  37  4:05  Banshee, Cloaking Field  
  37  4:08  SCV  
  43  4:12  Bunker  
  43  4:15  Supply Depot  
  43  4:16  SCV  
  44  4:17  Marine x2  
  44  4:20  SCV  
  45  4:28  SCV  
  46  4:32  Barracks  
  46  4:33  SCV  
  46  4:35  Marine x2  
  46  4:36  Siege Tank  
  52  4:40  SCV  
  52  4:42  Supply Depot  
  52  4:45  SCV  
  54  4:48  Banshee  
  54  4:49  Supply Depot  
  54  4:52  SCV  
  58  4:53  Marine  
  58  4:57  SCV  
  60  5:01  Barracks  
  60  5:03  Marine  
  60  5:06  SCV  
  62  5:07  Engineering Bay  
  62  5:11  Refinery  
  62  5:13  Siege Tank  
  65  5:18  SCV  
  65  5:20  Refinery, SCV  
  67  5:23  Marine x2  
  69  5:28  Barracks Tech Lab  
  69  5:30  SCV  
  69  5:34  SCV  
  71  5:36  Terran Infantry Weapons Level 1  
  71  5:42  Marine x2, SCV  
  74  5:43  Starport Reactor  
  74  5:50  Marauder  
  74  5:51  Factory Reactor  
  74  5:52  SCV  
  74  5:55  Stimpack  
  77  6:04  Marine  
  78  6:08  Supply Depot  
  78  6:09  Supply Depot  
  78  6:10  Command Center, Supply Depot  
  78  6:16  Marauder x2, SCV x2  
  84  6:25  Missile Turret, Supply Depot  
  84  6:28  SCV x2  
  84  6:31  Combat Shield  
  84  6:32  Widow Mine  
  88  6:37  Marine x2  
  87  6:41  Marauder x2  
  87  6:42  SCV  
  92  6:48  Medivac x2  
  96  6:56  Barracks  
  96  6:57  Barracks  
  96  7:01  Widow Mine x2  
  100  7:03  Marauder  
  102  7:16  Marauder, Marine x2  
  102  7:18  SCV x2  
  102  7:22  Ghost Academy, Widow Mine  
  110  7:25  Orbital Command, Marauder  
  109  7:31  Medivac x2  
  109  7:36  SCV  
  114  7:40  Missile Turret  
  114  7:43  Bunker  
  114  7:44  SCV  
  115  7:45  Orbital Command, Supply Depot, Terran Infantry Armor Level 1  
  115  7:46  Barracks Tech Lab  
  115  7:48  Barracks Reactor  
  115  7:51  Concussive Shells  
  115  7:52  Marauder  
  115  7:56  SCV  
  118  7:58  SCV  
  118  8:01  Ghost  
  118  8:03  Marine x2  
  122  8:10  Marauder  
  123  8:20  Marauder  
  123  8:21  Marine x2  
  123  8:22  Widow Mine  
  122  8:30  Marauder  
  122  8:32  Marauder  
  116  8:36  SCV x2  
  116  8:39  Marine  
  114  8:41  Marauder  
  108  8:48  SCV  
  108  8:49  SCV  
  108  8:51  Marine x2  
  108  8:52  Marauder  
  108  8:53  Marauder  
  115  8:55  SCV  
  115  9:00  Liberator x2  
  115  9:01  SCV x2  
  115  9:02  Marine x2  
  119  9:07  SCV  
  120  9:13  SCV  
  121  9:18  SCV  
  127  9:31  SCV  
  125  9:33  Marauder x2  
  126  9:44  Marauder  
  126  9:45  Marine x4  
  108  9:54  Marauder x2  
  112  10:03  Marine x3  
  113  10:11  Ghost  
  115  10:15  Marine x2  
  115  10:16  Marine  
  115  10:21  Marine x2  
  119  10:22  Marine  
  119  10:27  Supply Depot x2  
  121  10:33  Marine x2  
  121  10:36  Marine  
  121  10:38  Marine  
  121  10:39  Marine x2  
  121  10:40  Marine  
  116  10:51  Marine  
  116  10:58  Marine x3  
  117  11:10  Liberator, SCV  
  117  11:11  Marine x2  
  118  11:15  Marine  
  118  11:16  Marine  
  118  11:20  Marine x3  
  118  11:22  Widow Mine  
  115  11:25  Command Center  
  115  11:29  Marine  
  81  11:40  Marine x2  
  81  11:41  Marine x2  
  81  11:42  Marine x2  
  81  11:46  Marine  
  75  11:47  Widow Mine x2  
  79  11:54  Medivac  
  79  11:58  Marine x3  
  79  11:59  Marine  
  79  12:00  Marine x2  
  87  12:04  Marine  
  88  12:09  Widow Mine x2  
  88  12:12  Medivac  
  94  12:16  Marine x4, SCV  
  94  12:19  SCV  
  94  12:21  Marauder  
  102  12:24  Medivac  
  102  12:25  Marauder  
  106  12:34  Ghost  
  108  12:41  Orbital Command  
Show
View Real Time Build Order
Export as new Build Order

Sakura Protoss - Winner!

Build Orders: 1 Gate Expand, Blink Stalkers, Chargelot Immortal 

Get SALT Encoding   

  12  0:00  Probe  
  13  0:12  Probe  
  14  0:19  Pylon  
  14  0:25  Probe  
  15  0:35  Probe  
  15  0:38  Gateway  
  16  0:43  Probe  
  16  0:44  Assimilator  
  17  0:51  Probe  
  18  1:03  Probe  
  19  1:15  Probe  
  20  1:25  Cybernetics Core  
  20  1:33  Nexus  
  20  1:40  Pylon  
  20  1:44  Probe  
  21  1:52  Assimilator, Adept  
  21  1:56  Probe  
  22  2:04  Warp Gate  
  25  2:08  Probe  
  25  2:17  Probe  
  25  2:22  Stalker  
  28  2:25  Probe  
  29  2:33  Twilight Council  
  29  2:34  Probe  
  29  2:41  Probe  
  30  2:47  Probe  
  30  2:49  Probe  
  30  2:50  Stalker  
  35  2:59  Probe x2  
  37  3:06  Blink  
  37  3:11  Probe  
  37  3:12  Stalker  
  38  3:17  Pylon  
  38  3:20  Probe  
  41  3:28  Gateway  
  41  3:33  Probe  
  43  3:34  Probe  
  43  3:42  Robotics Facility  
  43  3:45  Probe  
  43  3:46  Probe  
  43  3:57  Probe  
  43  3:58  Probe  
  41  4:09  Stalker, Probe  
  44  4:10  Probe  
  44  4:15  Shield Battery  
  45  4:22  Observer, Probe x2, Stalker  
  48  4:27  Pylon  
  49  4:33  Nexus  
  49  4:34  Probe x2  
  51  4:40  Stalker  
  51  4:41  Observer  
  51  4:45  Assimilator  
  54  4:46  Probe x2  
  54  4:51  Shield Battery  
  56  4:55  Forge  
  56  4:58  Probe  
  56  4:59  Probe  
  58  5:01  Charge  
  58  5:08  Pylon  
  58  5:10  Probe  
  58  5:11  Probe  
  60  5:21  Pylon  
  60  5:22  Probe, Gateway  
  60  5:23  Gateway  
  60  5:24  Observer  
  60  5:26  Protoss Ground Armor Level 1  
  62  5:28  Probe  
  62  5:32  Gateway  
  62  5:34  Gateway  
  63  5:39  Gateway  
  63  5:49  Warp Prism  
  63  5:50  Shield Battery  
  63  6:00  Probe, Gateway x2  
  63  6:01  Probe  
  63  6:03  Probe  
  68  6:05  Sentry x2  
  72  6:13  Probe x2, Pylon  
  72  6:15  Probe, Pylon  
  75  6:19  Immortal  
  75  6:25  Probe, Zealot, Sentry  
  78  6:32  Probe  
  85  6:34  Photon Cannon  
  85  6:38  Probe  
  84  6:41  Probe  
  84  6:44  Pylon  
  84  6:46  Zealot x3  
  91  6:56  Pylon  
  91  7:00  Pylon  
  91  7:04  Stalker x3  
  91  7:07  Stalker x2  
  100  7:11  Pylon  
  98  7:22  Protoss Ground Armor Level 2  
  97  7:31  Zealot  
  97  7:32  Zealot x3  
  105  7:39  Probe x2  
  105  7:40  Probe  
  108  7:44  Nexus  
  108  7:46  Pylon  
  108  7:56  Zealot x7  
  108  8:21  Zealot x7  
  114  8:32  Immortal  
  114  8:34  Stalker x2  
  118  8:44  Stalker x6  
  114  8:59  Zealot x3  
  120  9:07  Zealot x5  
  130  9:22  Immortal  
  134  9:28  Zealot x2  
  134  9:29  Zealot x5  
  140  9:44  Observer, Dark Shrine  
  118  9:45  Observer  
  118  9:47  Protoss Ground Armor Level 3  
  118  9:52  Observer  
  116  9:53  Zealot x4, Immortal  
  124  10:10  Sentry x2, Zealot  
  124  10:11  Zealot x2  
  134  10:16  Probe x2  
  134  10:20  Stalker  
  134  10:21  Stalker x2  
  142  10:29  Stalker, Immortal  
  140  10:55  Zealot x5  
  148  10:57  Dark Templar x3  
  146  11:05  Immortal  
  144  11:11  Stalker  
  144  11:16  Zealot x4  
  144  11:17  Zealot  
  108  11:36  Immortal  
  88  11:40  Zealot x8  
  88  11:46  Dark Templar  
  94  12:00  Stalker x2  
  94  12:01  Zealot x6  
  104  12:08  Warp Prism  
  110  12:14  Assimilator  
  110  12:18  Assimilator, Pylon  
  110  12:21  Stalker  
  110  12:22  Stalker  
  114  12:23  Zealot x3  
  120  12:31  Stalker  
  120  12:33  Zealot x3  
  128  12:48  Zealot x4  
  120  12:54  Zealot x5  
Tags
 
Add a new tag
Caveats
  • Supply blocks, unpowered buildings, or Contaminate may cause inaccurate times.
  • Supply counts are checked every 10 seconds.